 Dungeon Crawl Stone Soup version 0.18.1-5-g4a78601 (webtiles) character file.

2662870 Gorice the Demonic Blade (level 27, 113/222 HPs)
             Began as a Demonspawn Warper on May 7, 2016.
             Was the Champion of Okawaru.
             Escaped with the Orb
             ... and 5 runes on May 14, 2016!
             The game lasted 10:56:22 (94383 turns).

Gorice the Demonic Blade (Demonspawn Warper)       Turns: 94383, Time: 10:56:23

Health: 113/222    AC: 53    Str: 22    XL:     27
Magic:  46/46      EV: 19    Int: 21    God:    Okawaru [******]
Gold:   3726       SH:  0    Dex: 17    Spells: 9 memorised, 21 levels left

rFire  + . .     SeeInvis +     a - +6 triple sword of Massacring {slice, *Drain +Fly MR+ Str+5}
rCold  . . .     Gourm    .     Q - +10 shadow dragon armour
rNeg   . . .     Faith    .     (shield currently unavailable)
rPois  +         Spirit   .     V - +2 hat {SInv}
rElec  .         Dismiss  .     F - +2 cloak {MR+}
rCorr  .         Reflect  .     g - +2 pair of gloves "Qaudwump" {rPois}
SustAt .         Harm     .     (boots unavailable)
MR     ++++.                    r - amulet of Vitality {Regen+ HP+15}
Stlth  ++........               n - ring of Soafi {MP+9 AC+5 Dex+3}
                                t - +5 ring of protection

@: repel missiles, incredibly resistant to hostile enchantments, unstealthy
A: hooves 3, slimy green scales 3, fire resistance 1, hurl damnation, foul
stench 2, powered by death 3, rot immunity, flame cloud immunity
a: Damnation, Heroism, Finesse, Renounce Religion, Evoke Flight
0: Orb of Zot
}: 5/15 runes: decaying, serpentine, slimy, silver, abyssal


You escaped.
You worshipped Okawaru.
Okawaru was exalted by your worship.
You were not hungry.

You visited 11 branches of the dungeon, and saw 58 of its levels.
You visited the Abyss 1 time.
You visited 1 bazaar.
You also visited: Ice Cave.

You collected 8762 gold pieces.
You spent 5036 gold pieces at shops.

Inventory:

Hand Weapons
 a - the +6 triple sword of Massacring (weapon) {slice, *Drain +Fly MR+ Str+5}
   (Okawaru gifted it to you on level 1 of the Vaults)

   It inflicts extra damage upon your enemies.
   It affects your strength (+5).
   It affects your resistance to hostile enchantments.
   It lets you fly.
   It causes draining when unequipped.
 B - a +0 blowgun
Missiles
 b - 4 poisoned javelins (quivered)
 y - 26 curare-tipped needles
 J - 16 steel javelins
 P - 22 silver javelins
 Y - 5 throwing nets
Armour
 g - the +2 pair of gloves "Qaudwump" (worn) {rPois}
   (Okawaru gifted it to you on level 3 of the Swamp)

   It protects you from poison.
 F - a +2 cloak of magic resistance (worn)
   (You took it off Crazy Yiuf on level 6 of the Dungeon)
 Q - a +10 shadow dragon armour (worn)
 V - a +2 hat of see invisible (worn)
   (You found it on level 8 of the Lair of Beasts)
Jewellery
 f - an uncursed ring of protection from fire
 k - an uncursed ring of positive energy
 n - the ring of Soafi (right hand) {MP+9 AC+5 Dex+3}
   (You found it on level 8 of the Lair of Beasts)

   [ring of protection]

   It affects your AC (+5).
   It affects your dexterity (+3).
   It affects your magic capacity (+9).
 r - the amulet of Vitality (around neck) {Regen+ HP+15}
   (You took it off a deep elf mage on level 3 of the Elven Halls)

   [amulet of regeneration]

   It affects your health (+15).
   It increases your rate of regeneration.
 t - a +5 ring of protection (left hand)
 G - an uncursed ring of positive energy
 H - an uncursed ring of resist corrosion
Wands
 m - a wand of digging (14/24)
 p - a wand of heal wounds (6/9) {!d}
 s - a wand of digging (15/24)
 C - a wand of disintegration (6/24)
 O - a wand of paralysis (12/24)
 S - a wand of heal wounds (0/9) {!d}
Scrolls
 c - 2 scrolls of blinking
 d - 6 scrolls of magic mapping {!r}
 e - a scroll of summoning {!r}
 h - 2 scrolls of fear {!r}
 v - 11 scrolls of teleportation {!r}
 w - 14 scrolls of identify
 x - a scroll of enchant armour
 D - 3 scrolls of silence {!r}
 E - 20 scrolls of remove curse
 N - 5 scrolls of fog
Potions
 i - 4 potions of agility {!q}
 j - 24 potions of curing
 o - 8 potions of heal wounds {!q}
 I - 6 potions of resistance {!q}
 K - 6 potions of cancellation {!q}
 L - 7 potions of invisibility {!q}
 M - 3 potions of might {!q}
 R - 4 potions of haste {!q}
 X - 5 potions of cure mutation {!q}
Miscellaneous
 q - a fan of gales
 z - a sack of spiders
 A - a box of beasts
Comestibles
 l - 27 meat rations {!e}
 u - 39 fruits


   Skills:
 - Level 15.0 Fighting
 - Level 24.0 Long Blades
 - Level 10.0 Throwing
 * Level 21.6 Armour
 + Level 16.6 Dodging
 - Level 13.1 Stealth
 - Level 10.0 Spellcasting
 - Level 7.0 Hexes
 - Level 17.6 Charms
 - Level 13.0 Translocations
 - Level 4.0 Air Magic
 - Level 8.0 Invocations
 - Level 12.0 Evocations


You had 21 spell levels left.
You knew the following spells:

 Your Spells              Type           Power        Failure   Level  Hunger
a - Spectral Weapon       Hex/Chrm       ######..     1%          3    None
p - Portal Projectile     Tloc           ######       1%          3    None
A - Apportation           Tloc           ######....   1%          1    None
B - Summon Butterflies    Summ           ##......     21%         1    None
H - Haste                 Chrm           ######..     2%          6    ######.
J - Blink                 Tloc           N/A          1%          2    None
M - Repel Missiles        Chrm/Air       ######       1%          2    None
P - Passage of Golubria   Tloc           N/A          1%          4    ##.....
R - Regeneration          Chrm/Necr      #####.....   1%          3    None


Dungeon Overview and Level Annotations

Branches:
Dungeon (15/15)            Temple (1/1) D:7            Lair (8/8) D:9
  Swamp (4/4) Lair:3        Snake (4/4) Lair:6        Slime (6/6) Lair:8
    Orc (2/2) D:9             Elf (3/3) Orc:2        Vaults (5/5) D:13
  Crypt (0/3) Vaults:2     Depths (5/5) D:15            Zot (5/5) Depths:5

Altars:
Ashenzari
Cheibriados
Dithmenos
Elyvilon
Fedhas
Gozag
Kikubaaqudgha
Makhleb
Nemelex Xobeh
Okawaru
Pakellas
Qazlal
Ru
Sif Muna
Trog
Vehumet
Xom
Yredelemnul
Zin
The Shining One
Beogh
Jiyva
Lugonu

Shops:
D:8 :   D:12 !   Orc:2 ==(}   Elf:1 %   Elf:2 (   Vaults:1 !   Vaults:3 *
Vaults:4 !*(

Portals:
Hell: Depths:1 Depths:2 Depths:3 Depths:4 Depths:5
Abyss: Depths:1 Depths:2 Depths:4 Depths:5
Pandemonium: Depths:2 Depths:3 Depths:4 Depths:5
Ziggurat: Depths:2
Trove: Depths:1 (show slimy rune of Zot)

Annotations:
D:5 Menkaure
Swamp:1 exclusion: Roxanne, Roxanne
Swamp:3 UX: shafted here
Zot:3 pUX...


Innate Abilities, Weirdness & Mutations

You have hooves in place of feet.
You are completely covered in slimy green scales (AC +4, rPois).
Your flesh is heat resistant.
You can hurl damnation.
You frequently emit foul miasma when damaged in melee.
You regenerate a lot of health from kills.
You are immune to rotting.
You are immune to clouds of flame.


Message History

The Ice Fiend is moderately wounded.
Your spectral weapon hits the Ice Fiend but does no damage.
The Ice Fiend gestures at you. The bolt of cold hits you!
Damage: 32 (max 32) Unknown command.
You hit the Ice Fiend.
You kick the Ice Fiend, but do no damage.
The Ice Fiend is moderately wounded.
Your spectral weapon hits the Ice Fiend!
The Ice Fiend barely misses you. The Ice Fiend completely misses you.
You barely miss the Ice Fiend.
You kick the Ice Fiend, but do no damage.
The Ice Fiend is heavily wounded.
Your spectral weapon hits the Ice Fiend!!
Unknown command.
You catch the helpless Ice Fiend momentarily off-guard.
You hit the Ice Fiend. Your kick misses the Ice Fiend.
The Ice Fiend is almost dead.
You feel less regenerative.
Your spectral weapon hits the Ice Fiend.
The Ice Fiend claws you but does no damage.
The Ice Fiend completely misses you.
You slice the Ice Fiend!!
You kill the Ice Fiend!
Okawaru accepts your kill.
You gain the combat prowess of a mighty hero.
You feel slightly more hungry.
Magic restored.
Your spectral weapon fades away.
You feel less regenerative.
HP restored.
A sun demon comes into view.
You feel like a meek peon again. 2 red devils, a balrug and a sun demon come into view.
The sun demon shouts!
The red devil moves out of view.
Evoke which item? (* to show all) (? for menu, Esc to quit)
Zapping:
m - a wand of digging (15/24)
Press: ? - help, Shift-Dir - straight line The rock shatters into small pieces.
This wand has 14 charges left.
The sun demon shouts!
An Ice Fiend comes into view.
There is an open door here.
The Ice Fiend calls on the powers of darkness!
Your body is wracked with pain!
An Orb Guardian comes into view.
There is a staircase leading out of the dungeon here.
Damage: 110 (max 110)
You have escaped!

.....# ##.......#3.......#.##.#
.##.## #......§#.#....##...#.#
....# #######.§#####..#...#.#
....#######≈X≈≈#1#§§§§##.#...#.##
.##......#≈≈≈≈≈.3#≈§§§§#.#...#...
.........#≈≈#§§#.#§§#§≈#.....#.##
..##.....#§§§§§#.#§§≈§§#.>..>....
..##.....#§§§§≈#3#§≈§≈§#.........
..##.....#§≈§§§#@#§§§§≈#.........
..##.....#§§§§§#.#§≈§≈§#.#.).#.##
..########≈≈#≈§#.# §#≈§#.#...#.#
........##§§§§≈#.#§§§≈≈#.......#
....##...##§§§≈#.#≈§≈≈##.#...#.##
#....#..## ###########..#......#
.....#..# #..........#####.##
###.....# #.................#
#.......## #.#.#.......####...


You could see an Ice Fiend, an Orb Guardian and 2 sun demons.

Vanquished Creatures
  Dissolution (Slime:5)
  the Royal Jelly (Slime:6)
  5 orbs of fire
  Mara (Swamp:3)
  A juggernaut (Depths:3)
  4 ancient liches (Zot:5)
  Saint Roka (Depths:5)
  Frederick (Vaults:3)
  2 curse toes
  Vashnia (Snake:4)
  A caustic shrike (Depths:4)
  5 Killer Klowns
  Norris (Vaults:3)
  8 golden dragons
  A bone dragon (Abyss:1)
  Nikola (Snake:4)
  2 Tzitzimimeh
  An iron giant (Depths:4)
  8 liches
  3 electric golems
  14 tentacled monstrosities
  Jorgrun (Snake:4)
  Rupert (D:14)
  2 Ice Fiends
  4 deep elf blademasters
  26 Orb Guardians
  2 quicksilver dragons (Depths:4)
  A deep elf master archer (Elf:3)
  A sphinx (shapeshifter) (Vaults:5)
  5 titans
  2 Executioners
  5 tentacled starspawn
  7 death cobs
  6 thorn hunters
  17 acid blobs
  6 shadow dragons
  9 tengu reavers
  7 sphinxes
  17 storm dragons
  5 draconian monks
  Agnes (D:14)
  15 greater nagas
  11 azure jellies
  15 fire giants
  A daeva (Depths:3)
  8 draconian knights
  12 frost giants
  A draconian scorcher (Zot:3)
  Donald (Elf:1)
  A balrug (Abyss:3)
  3 iron dragons
  15 vault wardens
  3 deep elf elementalists (Elf:3)
  An emperor scorpion (Depths:4)
  3 orc warlords (Depths:2)
  8 ghost moths
  13 ironheart preservers
  11 deep elf sorcerers
  A draconian shifter (Zot:5)
  3 draconian zealots
  2 war gargoyles (Vaults:5)
  A reaper (Depths:4)
  3 spriggan defenders
  4 draconian annihilators
  A draconian caller (Depths:5)
  31 stone giants
  A blood saint (Zot:1)
  12 very ugly things
  2 vampire knights
  8 yellow draconians
  2 deep elf demonologists (Elf:3)
  8 green draconians
  7 purple draconians
  5 black draconians
  11 deep elf annihilators
  A lorocyproca (D:5)
  11 mottled draconians
  6 spark wasps
  15 red draconians
  3 white draconians
  An eidolon (Abyss:3)
  A blizzard demon (D:4)
  2 merfolk javelineers
  22 ettins
  19 fire dragons
  A jiangshi (Vaults:2)
  7 death oozes
  27 vault guards
  20 yaktaur captains
  7 deep elf death magi
  A quicksilver dragon zombie (Abyss:3)
  6 rakshasas
  A crystal guardian (Vaults:2)
  7 entropy weavers
  7 deep elf high priests
  A hell beast (Depths:1)
  16 great orbs of eyes
  18 naga warriors
  11 ice dragons
  20 hydras
  A monstrous demonspawn (Depths:3)
  3 spriggan air magi
  2 catoblepae (Lair:6)
  9 centaur warriors
  10 alligators
  2 ghost crabs
  30 dancing weapons
  14 deep troll shamans
  11 ogre magi
  11 anacondas
  3 death knights
  3 hell hogs (Abyss:3)
  11 deep troll earth magi
  11 tengu warriors
  2 thrashing horrors
  4 orc high priests
  8 shock serpents
  2 soul eaters
  22 naga sharpshooters
  2 spriggan berserkers
  18 deep elf knights
  A sun demon (Depths:1)
  4 skeletal warriors
  A fire crab (Vaults:3)
  9 iron trolls
  A fire crab (shapeshifter) (Vaults:5)
  4 shadow wraiths
  25 hell knights
  7 salamander mystics
  An unseen horror (shapeshifter) (Elf:2)
  31 deep trolls
  4 unseen horrors
  A shadow demon (Depths:3)
  4 giant orange brains
  An obsidian statue (D:13)
  4 shambling mangroves
  A tengu zombie (Vaults:4)
  10 swamp dragons
  10 naga ritualists
  A hill giant (shapeshifter) (Vaults:5)
  20 deep elf archers
  2 flayed ghosts (Vaults:2)
  14 necromancers
  An orange crystal statue (Depths:4)
  An anubis guard (shapeshifter) (Vaults:4)
  8 phantasmal warriors
  11 hill giants
  85 deep elf magi
  9 harpies
  16 ironbrand convokers
  22 orc knights
  14 mana vipers
  10 hornets
  A mana viper (shapeshifter) (Vaults:5)
  31 ugly things
  7 wizards
  An orb spider (shapeshifter) (Abyss:3)
  4 wolf spiders
  6 griffons
  3 orc sorcerers
  8 shining eyes
  3 worldbinders (Abyss:1)
  2 manticores
  4 sixfirhies
  A sphinx skeleton (Vaults:2)
  7 elephants
  20 salamanders
  A stone giant skeleton (Vaults:1)
  A fire giant skeleton (Vaults:2)
  6 cyclopes
  3 rust devils
  11 vault sentinels
  60 black mambas
  27 moths of wrath
  2 frost giant skeletons
  2 eyes of devastation (Slime:6)
  8 guardian serpents
  3 ice statues (IceCv)
  2 torpor snails (shapeshifter) (Vaults:5)
  17 naga magi
  5 smoke demons
  5 orange demons
  2 gargoyles
  Joseph (D:8)
  A spiny frog (shapeshifter) (Depths:3)
  5 rime drakes
  7 centaur skeletons
  A hellion (Abyss:1)
  25 spiny frogs
  14 komodo dragons
  2 kobold demonologists
  2 efreet
  5 freezing wraiths
  A rime drake (shapeshifter) (D:14)
  61 yaktaurs
  2 demonic crawlers
  9 ice devils
  4 red devils
  3 tengu conjurers
  4 ancient zymes
  2 hellwings (D:13)
  A queen bee (D:9)
  8 polar bears (Lair:8)
  15 trolls
  26 two-headed ogres
  7 giant leeches
  24 blink frogs
  6 bog bodies
  15 raiju
  An ettin zombie (Vaults:4)
  97 slime creatures
  A stone giant simulacrum (Depths:1)
  6 boulder beetles
  11 redbacks
  Sigmund (D:3)
  7 spriggans
  2 shadows
  A tarantella (shapeshifter) (D:15)
  3 ynoxinuls
  A spriggan (shapeshifter) (Vaults:2)
  28 starcursed masses
  13 large abominations
  A wyvern (shapeshifter) (Vaults:1)
  6 air elementals
  2 tarantellas
  3 golden eyes (Slime:6)
  A human (shapeshifter) (Vaults:4)
  4 wraiths
  12 water elementals
  58 yaks
  3 basilisks
  11 wyverns
  9 hungry ghosts
  4 chaos spawn
  2 fire elementals
  33 vampire mosquitoes
  2 neqoxecs
  5 mottled dragons
  9 hippogriffs
  A hippogriff (shapeshifter) (D:15)
  4 human simulacra
  76 nagas
  7 wargs
  15 insubstantial wisps
  28 water moccasins
  27 swamp worms
  10 porcupines
  Duvessa (D:6)
  6 hell hounds (Lair:8)
  A giant eyeball (Depths:5)
  A giant eyeball (shapeshifter) (Depths:1)
  4 sky beasts
  14 swamp drakes
  13 black bears (Lair:8)
  3 ice beasts
  64 orc warriors
  A phantom (D:11)
  7 eyes of draining
  A fire dragon simulacrum (Abyss:3)
  24 wasps
  A black bear (shapeshifter) (Vaults:2)
  4 human skeletons
  56 ogres
  33 centaurs
  A necrophage (D:15)
  30 wolves
  7 boggarts
  18 small abominations
  10 crocodiles
  A big kobold (D:13)
  2 human zombies (Vaults:1)
  27 giant frogs
  3 earth elementals
  Dowan (D:6)
  2 wyvern skeletons
  5 scorpions
  36 killer bees
  9 wights
  3 electric eels (Lair:6)
  13 howler monkeys
  9 crimson imps
  16 hounds
  A wasp zombie (D:9)
  3 centaur zombies
  4 quasits
  3 iron imps
  2 draconian simulacra (IceCv)
  20 jellies
  A wyvern simulacrum (D:14)
  19 orc wizards
  3 giant frog skeletons
  Crazy Yiuf (D:6)
  25 orc priests
  12 iguanas
  20 worker ants
  3 troll simulacra (IceCv)
  A killer bee zombie (D:7)
  17 sheep
  2 centaur simulacra (IceCv)
  A hound zombie (D:7)
  A hound skeleton (D:10)
  2 worker ant zombies
  6 gnolls
  11 adders
  3 naga simulacra (IceCv)
  49 river rats
  10 shadow imps
  3 white imps
  2 ufetubi
  3 oozes
  2 adder skeletons
  5 worms
  3 dart slugs (D:2)
  3 giant geckos
  133 orcs
  8 giant cockroaches
  8 goblins
  7 hobgoblins
  12 jackals
  8 quokkas
  5 ball pythons
  4 bats
  A giant cockroach zombie (D:5)
  A giant gecko zombie (D:5)
  5 giant newts
  13 kobolds
  14 rats
  2 briar patches (Swamp:4)
  A lurking horror (Abyss:3)
3054 creatures vanquished.

Vanquished Creatures (others)
  An eldritch tentacle (Vaults:5)
  4 fire giants
  A deep elf elementalist (Elf:3)
  2 salamander stormcallers
  A black draconian (Zot:4)
  A hydra (Swamp:2)
  A hell hog (Abyss:3)
  An iron troll (Zot:3)
  A giant orange brain (Abyss:1)
  A shambling mangrove (Swamp:3)
  A deep elf archer (Elf:2)
  2 necromancers (Depths:4)
  A mana viper (Snake:4)
  4 nagas
  A swamp drake (Swamp:2)
  2 ogres
  A boggart (Depths:4)
  An orc wizard (Depths:2)
  An orc (Depths:5)
  A bush (Lair:8)
  52 eldritch tentacle segments (Vaults:5)
  29 fungi
  A lurking horror (Abyss:3)
  45 plants
  84 spectral weapons
  8 starspawn tentacles
  37 starspawn tentacle segments
  11 toadstools (Lair:6)
296 creatures vanquished.

Grand Total: 3350 creatures vanquished

Notes
Turn   | Place    | Note
--------------------------------------------------------------
     0 | D:1      | Gorice the Demonspawn Warper began the quest for the Orb.
     0 | D:1      | Reached XP level 1. HP: 16/16 MP: 3/3
    98 | D:1      | Reached skill level 2 in Long Blades
   169 | D:1      | Gained mutation: You have large cloven feet. [demonic ancestry]
   169 | D:1      | Reached XP level 2. HP: 14/22 MP: 5/5
   569 | D:1      | You fall through a shaft!
  1124 | D:1      | Learned a level 2 spell: Blink
  1276 | D:2      | Gained mutation: You have hoof-like feet. [demonic ancestry]
  1276 | D:2      | Reached XP level 3. HP: 26/28 MP: 6/6
  1287 | D:2      | --2 pots of cure mut already!
  1825 | D:2      | Reached skill level 3 in Long Blades
  2202 | D:2      | Found a white marble altar of Elyvilon.
  2301 | D:2      | Reached XP level 4. HP: 22/34 MP: 7/7
  2523 | D:2      | Found an oddly glowing altar of Pakellas.
  2596 | D:2      | Reached skill level 3 in Fighting
  2896 | D:2      | Found a basalt altar of Yredelemnul.
  3323 | D:3      | Noticed Sigmund
  3523 | D:4      | HP: 9/35 [worker ant (2)]
  3527 | D:4      | Reached skill level 4 in Long Blades
  3729 | D:4      | Gained mutation: You are immune to rotting. [demonic ancestry]
  3729 | D:4      | Reached XP level 5. HP: 41/41 MP: 8/8
  3751 | D:4      | Noticed an ogre
  4479 | D:3      | HP: 12/41 [gnoll/halberd (4)]
  4491 | D:3      | HP: 12/41 [gnoll (3)]
  5525 | D:4      | Killed an ogre
  5525 | D:4      | Reached skill level 4 in Fighting
  5525 | D:4      | Reached skill level 5 in Long Blades
  5525 | D:4      | Reached XP level 6. HP: 37/48 MP: 9/9
  6268 | D:5      | Entered Level 5 of the Dungeon
  6776 | D:5      | Noticed Menkaure
  6828 | D:5      | Found a glowing silver altar of Zin.
  6889 | D:5      | Found an iron altar of Okawaru.
  6893 | D:5      | Became a worshipper of Warmaster Okawaru
  7390 | D:5      | Found a shimmering altar of Xom.
  7467 | D:5      | Gained mutation: You regenerate a little health from kills. [demonic ancestry]
  7467 | D:5      | Reached XP level 7. HP: 55/55 MP: 10/10
  7628 | D:6      | Reached skill level 12 in Long Blades
  7628 | D:6      | Reached XP level 8. HP: 61/61 MP: 11/11
  7684 | D:6      | Reached skill level 5 in Fighting
  7684 | D:6      | Reached skill level 1 in Invocations
  7816 | D:6      | Reached * piety under Okawaru
  7816 | D:6      | Reached skill level 1 in Armour
  7827 | D:6      | Noticed a hill giant
  7828 | D:6      | --Hill giant on D6!
  8104 | D:6      | Found a glowing golden altar of the Shining One.
  8186 | D:6      | Killed a hill giant
  8186 | D:6      | Reached skill level 2 in Armour
  8294 | D:6      | Noticed Duvessa
  8334 | D:6      | HP: 10/63 [Duvessa/rapier (13)]
  8335 | D:6      | Noticed Dowan
  8339 | D:6      | Killed Duvessa
  8339 | D:6      | Gained mutation: You may emit foul miasma when damaged in melee. [demonic ancestry]
  8339 | D:6      | Reached XP level 9. HP: 11/68 MP: 12/12
  8801 | D:6      | Found a snail-covered altar of Cheibriados.
  8913 | D:6      | Killed Dowan
  9017 | D:7      | Found a staircase to the Ecumenical Temple.
  9036 | Temple   | Entered the Ecumenical Temple
  9417 | D:7      | Reached ** piety under Okawaru
  9434 | D:6      | Reached skill level 3 in Armour
  9608 | D:7      | Found an ancient bone altar of Kikubaaqudgha.
  9946 | D:6      | Reached skill level 6 in Fighting
 10058 | D:7      | HP: 18/69 [orc warrior/war axe (18)]
 10446 | D:7      | Reached skill level 13 in Long Blades
 11108 | D:7      | HP: 20/70 [orc warrior/battleaxe (25)]
 11395 | D:8      | Reached skill level 4 in Armour
 11614 | D:8      | Noticed Joseph
 11828 | D:3      | HP: 19/71 [something (7)]
 11834 | D:3      | Killed Sigmund
 12135 | D:5      | Gained mutation: You are partially covered in slimy green scales (AC +2). [demonic ancestry]
 12135 | D:5      | Reached XP level 10. HP: 77/77 MP: 13/13
 12187 | D:6      | Noticed Crazy Yiuf
 12192 | D:6      | Killed Crazy Yiuf
 12200 | D:6      | --damn if I'd known Yiuf had Eos before I'd quaffed that pot of xp!
 12211 | D:6      | --also a +1 cloak of MR, nice!
 12450 | D:8      | Killed Joseph
 12504 | D:8      | Found a shimmering altar of Xom.
 12504 | D:8      | Found a shimmering altar of Xom.
 12504 | D:8      | Found a shimmering altar of Xom.
 12504 | D:8      | Found a shimmering altar of Xom.
 12504 | D:8      | Found a shimmering altar of Xom.
 12505 | D:8      | Found a shimmering altar of Xom.
 12532 | D:8      | Found Egrun's Book Emporium.
 12814 | D:9      | Reached *** piety under Okawaru
 12825 | D:9      | HP: 19/77 [orc priest/divine providence (10)]
 12832 | D:9      | HP: 14/77 [poisoned by a killer bee]
 12840 | D:9      | HP: 14/77 [poisoned by a killer bee]
 12891 | D:9      | HP: 22/77 [howler monkey (2)]
 12893 | D:9      | Reached skill level 7 in Fighting
 12902 | D:9      | HP: 11/79 [orc priest/divine providence (13)]
 12915 | D:8      | HP: 22/79 [killer bee (5)]
 12921 | D:8      | HP: 21/79 [poisoned by a killer bee]
 12927 | D:8      | HP: 21/79 [poisoned by a killer bee]
 12932 | D:8      | HP: 20/79 [poisoned by a killer bee]
 12939 | D:8      | HP: 19/79 [poisoned by a killer bee]
 12947 | D:8      | HP: 19/79 [poisoned by a killer bee]
 13506 | D:8      | HP: 23/79 [poisoned by a killer bee]
 13517 | D:8      | HP: 23/79 [poisoned by a killer bee]
 13523 | D:8      | HP: 21/79 [poisoned by a killer bee]
 13529 | D:8      | HP: 21/79 [poisoned by a killer bee]
 13537 | D:8      | HP: 20/79 [poisoned by a killer bee]
 13958 | D:9      | Reached skill level 5 in Armour
 14273 | D:9      | Found a staircase to the Orcish Mines.
 14518 | D:9      | Found a staircase to the Lair.
 14775 | D:9      | Found a blossoming altar of Fedhas.
 14938 | Lair:1   | Entered Level 1 of the Lair of Beasts
 15455 | Lair:1   | Reached skill level 2 in Invocations
 15571 | Lair:1   | Gained mutation: You are mostly covered in slimy green scales (AC +3). [demonic ancestry]
 15571 | Lair:1   | Reached XP level 11. HP: 66/86 MP: 14/14
 15608 | Lair:1   | HP: 24/86 [komodo dragon (11)]
 15609 | Lair:1   | HP: 10/86 [komodo dragon (14)]
 15611 | Lair:1   | Reached **** piety under Okawaru
 15611 | Lair:1   | Reached skill level 3 in Invocations
 15874 | Lair:1   | Reached skill level 6 in Armour
 15998 | Lair:1   | Reached skill level 4 in Invocations
 16394 | Lair:1   | Reached skill level 8 in Fighting
 16581 | Lair:1   | Identified a scroll of acquirement
 16656 | Lair:2   | Noticed an eight-headed hydra
 16665 | Lair:2   | Killed an eight-headed hydra
 16772 | Lair:2   | Reached ***** piety under Okawaru
 17130 | Lair:2   | Noticed a seven-headed hydra
 17147 | Lair:2   | Killed a seven-headed hydra
 17147 | Lair:2   | Reached skill level 14 in Long Blades
 17154 | Lair:2   | Reached skill level 7 in Armour
 17683 | Lair:3   | Reached skill level 5 in Invocations
 17712 | Lair:3   | Reached skill level 9 in Fighting
 17721 | Lair:3   | Found a staircase to the Swamp.
 17912 | Lair:3   | Received a gift from Okawaru
 17915 | Lair:3   | Got a polished lajatang {god gift}
 17916 | Lair:3   | Identified the +4 lajatang "Luliluas" {venom, Str+4 Int+4} (Okawaru gifted it to you on level 3 of the Lair of Beasts)
 18167 | Lair:3   | Reached skill level 6 in Invocations
 18167 | Lair:3   | Reached XP level 12. HP: 91/95 MP: 16/16
 18800 | Lair:4   | Found a frozen archway.
 18810 | IceCv    | Entered an ice cave
 19016 | IceCv    | HP: 24/96 [ice statue/bolt of cold (14)]
 19282 | IceCv    | HP: 25/96 [something] (8)]
 19554 | IceCv    | Reached skill level 8 in Armour
 19635 | IceCv    | Reached skill level 7 in Invocations
 19786 | IceCv    | Reached skill level 10 in Fighting
 19899 | Lair:4   | Reached skill level 8 in Invocations
 20691 | Lair:5   | Reached skill level 9 in Armour
 20717 | Lair:5   | Received a gift from Okawaru
 21004 | Lair:5   | Reached ****** piety under Okawaru
 21044 | Lair:5   | Reached skill level 11 in Fighting
 21149 | Lair:5   | Got a warped leather armour
 21158 | Lair:5   | Received a gift from Okawaru
 21377 | Lair:5   | Noticed a five-headed hydra
 21385 | Lair:5   | HP: 23/100 [five-headed hydra (10)]
 21386 | Lair:5   | Killed a five-headed hydra
 21391 | Lair:5   | HP: 28/100 [poisoned by a spiny frog]
 21397 | Lair:5   | HP: 29/100 [poisoned by a spiny frog]
 21405 | Lair:5   | HP: 29/100 [poisoned by a spiny frog]
 21590 | Lair:5   | Reached XP level 13. HP: 74/106 MP: 19/19
 21909 | Lair:1   | Identified the +1 leather armour "Afev" {rF+} (You found it on level 5 of the Lair of Beasts)
 22381 | Lair:6   | Found a staircase to the Snake Pit.
 22589 | Lair:6   | Reached skill level 10 in Armour
 23162 | Lair:7   | Reached skill level 12 in Fighting
 23474 | Lair:7   | HP: 28/108 [seven-headed hydra (12)]
 23475 | Lair:7   | HP: 13/108 [seven-headed hydra (5)]
 23475 | Lair:7   | HP: 3/108 [seven-headed hydra (10)]
 24033 | Lair:7   | Received a gift from Okawaru
 24632 | Lair:8   | Entered Level 8 of the Lair of Beasts
 24685 | Lair:7   | Reached skill level 11 in Armour
 24970 | Lair:8   | Got a vibrating jade ring
 24973 | Lair:8   | Identified the ring of Soafi {MP+9 AC+5 Dex+3} (You found it on level 8 of the Lair of Beasts)
 25094 | Lair:8   | Received a gift from Okawaru
 25120 | Lair:8   | Reached skill level 13 in Fighting
 25278 | Lair:8   | Found a staircase to the Slime Pits.
 25642 | Lair:8   | Reached XP level 14. HP: 89/118 MP: 20/20
 25736 | Lair:8   | HP: 35/118 [poisoned by a spiny frog]
 25742 | Lair:8   | HP: 34/118 [poisoned by a spiny frog]
 25748 | Lair:8   | HP: 34/118 [poisoned by a spiny frog]
 25755 | Lair:8   | HP: 27/118 [black mamba (8)]
 25762 | Lair:8   | HP: 29/118 [poisoned by a spiny frog]
 26078 | Lair:8   | Found a viscous altar of Jiyva.
 26161 | Lair:8   | Reached skill level 12 in Armour
 26249 | Lair:8   | Received a gift from Okawaru
 27112 | Orc:1    | Entered Level 1 of the Orcish Mines
 27159 | Orc:1    | Reached skill level 14 in Fighting
 27588 | Orc:2    | Entered Level 2 of the Orcish Mines
 27636 | Orc:2    | Found a roughly hewn altar of Beogh.
 27668 | Orc:2    | Found a staircase to the Elven Halls.
 28288 | Orc:2    | Found Lazipir's Antique Weapon Emporium.
 28288 | Orc:2    | Found Xuuneow's Jewellery Boutique.
 28290 | Orc:2    | Found Latiatell's Jewellery Shop.
 28292 | Orc:2    | Found Yzui's Gadget Shoppe.
 28854 | Orc:2    | Bought a +5 ring of protection for 825 gold pieces
 28854 | Orc:2    | Bought a cursed ring of loudness for 67 gold pieces
 28854 | Orc:2    | Bought a cursed amulet of inaccuracy for 30 gold pieces
 29123 | D:10     | Entered Level 10 of the Dungeon
 29128 | D:10     | Reached skill level 13 in Armour
 29290 | D:10     | Found an opulent altar of Gozag.
 29665 | D:10     | Found a glowing golden altar of the Shining One.
 30017 | D:11     | Received a gift from Okawaru
 30024 | D:11     | Got a dazzling hat {god gift}
 30035 | D:11     | Identified the +0 hat "Efeor" {rC++ Dex+2} (Okawaru gifted it to you on level 11 of the Dungeon)
 31048 | D:12     | Found Porumenoep's Distillery.
 31105 | D:12     | Bought a potion of haste for 110 gold pieces
 31165 | D:12     | Got a twisted scale mail
 31183 | D:11     | Identified the +5 scale mail of Qiyx Cani {rF+++ rC- MR- SInv} (You found it on level 12 of the Dungeon)
 31900 | D:13     | Reached skill level 15 in Fighting
 32004 | D:13     | Reached XP level 15. HP: 128/129 MP: 21/21
 32322 | D:13     | Reached skill level 14 in Armour
 32325 | D:13     | Found a gate to the Vaults.
 33230 | D:14     | Received a gift from Okawaru
 33231 | D:14     | Got a slimy spear {god gift}
 33854 | D:14     | Noticed Rupert
 33873 | D:14     | Killed Rupert
 33873 | D:14     | Reached skill level 15 in Armour
 33957 | D:14     | Reached skill level 1 in Throwing
 34013 | D:14     | Reached skill level 2 in Dodging
 34117 | D:14     | Reached skill level 2 in Throwing
 34144 | D:14     | Noticed Agnes
 34160 | D:14     | Killed Agnes
 34160 | D:14     | Reached skill level 3 in Dodging
 34305 | D:15     | Entered Level 15 of the Dungeon
 34357 | D:14     | Reached skill level 3 in Throwing
 34494 | D:15     | Received a gift from Okawaru
 34501 | D:15     | Found a staircase to the Depths.
 34565 | D:15     | Reached skill level 4 in Dodging
 34793 | D:15     | Reached skill level 4 in Throwing
 35182 | D:15     | Reached skill level 5 in Dodging
 35564 | Lair:1   | Upgraded the game from 0.18.1-1-g2f07953 to 0.18.1-2-ga659475
 35720 | Swamp:1  | Entered Level 1 of the Swamp
 35734 | Swamp:1  | Reached skill level 5 in Throwing
 35776 | Swamp:1  | Noticed Roxanne
 35866 | Swamp:1  | Received a gift from Okawaru
 36102 | Swamp:1  | Gained mutation: You have hooves in place of feet. [demonic ancestry]
 36102 | Swamp:1  | Reached XP level 16. HP: 136/136 MP: 22/22
 36128 | Swamp:1  | Reached skill level 6 in Dodging
 36487 | Swamp:1  | Reached skill level 6 in Throwing
 36804 | Swamp:1  | Gained mutation: You are resistant to hostile enchantments. [potion of beneficial mutation]
 36977 | Swamp:2  | You fall through a shaft!
 37157 | Swamp:2  | Noticed a thorn hunter
 37186 | Swamp:2  | HP: 32/136 [thorn hunter/volley of thorns (21)]
 37204 | Swamp:2  | HP: 38/136 [eight-headed hydra (5)]
 37208 | Swamp:2  | HP: 15/136 [six-headed hydra (10)]
 37210 | Swamp:2  | Reached skill level 7 in Dodging
 37605 | Swamp:2  | Received a gift from Okawaru
 37656 | Swamp:2  | Killed a thorn hunter
 37672 | Swamp:2  | Reached skill level 7 in Throwing
 38074 | Swamp:3  | Noticed Mara
 38075 | Swamp:3  | Noticed Gorice's illusion
 38078 | Swamp:3  | Noticed a thorn hunter
 38091 | Swamp:3  | Killed a thorn hunter
 38243 | Swamp:3  | Reached skill level 8 in Dodging
 38244 | Swamp:3  | Noticed a thorn hunter
 38261 | Swamp:3  | Killed a thorn hunter
 38498 | Swamp:3  | Reached skill level 8 in Throwing
 38640 | Swamp:4  | Entered Level 4 of the Swamp
 39071 | Snake:1  | Entered Level 1 of the Snake Pit
 39800 | Snake:1  | Reached skill level 9 in Dodging
 39928 | Snake:1  | Received a gift from Okawaru
 39928 | Snake:1  | Reached skill level 9 in Throwing
 40051 | Snake:1  | Found a snail-covered altar of Cheibriados.
 40341 | Snake:2  | Received a gift from Okawaru
 40990 | Snake:2  | Gained mutation: You are completely covered in slimy green scales (AC +4, rPois). [demonic ancestry]
 40990 | Snake:2  | Reached XP level 17. HP: 107/142 MP: 23/23
 41067 | Snake:2  | Received a gift from Okawaru
 41152 | Snake:2  | Reached skill level 10 in Dodging
 41211 | Snake:2  | Received a gift from Okawaru
 41212 | Snake:2  | Got a bone great sword {god gift}
 41224 | Snake:2  | Reached skill level 10 in Throwing
 41239 | Snake:2  | Identified the +4 great sword of Mutilation {flame, rElec MR+ Stlth+} (Okawaru gifted it to you on level 2 of the Snake Pit)
 43283 | Snake:3  | Received a gift from Okawaru
 43362 | Snake:3  | Reached skill level 15 in Long Blades
 43385 | Snake:3  | Reached skill level 11 in Dodging
 44018 | Orc:2    | Bought an uncursed ring of protection from fire for 375 gold pieces
 44026 | Orc:2    | Bought an uncursed ring of see invisible for 165 gold pieces
 44335 | Swamp:3  | Noticed Gorice's illusion
 45200 | Swamp:3  | Killed Mara
 45200 | Swamp:3  | Received a gift from Okawaru
 45201 | Swamp:3  | Got a pair of ichor-stained gloves {god gift}
 45212 | Swamp:3  | Identified the +2 pair of gloves "Qaudwump" {rPois} (Okawaru gifted it to you on level 3 of the Swamp)
 45653 | Swamp:4  | Gained mutation: You frequently emit foul miasma when damaged in melee. [demonic ancestry]
 45653 | Swamp:4  | Reached XP level 18. HP: 138/149 MP: 24/24
 45668 | Swamp:4  | Reached skill level 16 in Long Blades
 45892 | Swamp:4  | Got a decaying rune of Zot
 46366 | Swamp:4  | Reached skill level 12 in Dodging
 47025 | Snake:4  | Entered Level 4 of the Snake Pit
 47299 | Snake:4  | Reached skill level 1 in Evocations
 47319 | Snake:4  | Noticed Vashnia
 47325 | Snake:4  | Reached skill level 2 in Evocations
 47340 | Snake:4  | HP: 37/149 [shock serpent (11)]
 47341 | Snake:4  | Noticed Nikola
 47344 | Snake:4  | Got a serpentine rune of Zot
 47354 | Snake:4  | HP: 41/149 [greater naga/poison arrow (7)]
 47360 | Snake:4  | HP: 39/149 [poisoned by a naga (splash of poison)]
 47367 | Snake:4  | HP: 37/149 [poisoned by a naga (splash of poison)]
 47373 | Snake:4  | HP: 37/149 [poisoned by a naga (splash of poison)]
 47382 | Snake:4  | HP: 37/149 [poisoned by a naga (splash of poison)]
 47388 | Snake:4  | HP: 37/149 [poisoned by a naga (splash of poison)]
 47394 | Snake:4  | HP: 37/149 [poisoned by a naga (splash of poison)]
 47400 | Snake:4  | HP: 41/149 [poisoned by a naga (splash of poison)]
 47752 | Snake:4  | Killed Vashnia
 47763 | Snake:4  | Reached skill level 3 in Evocations
 47903 | Snake:4  | Noticed Jorgrun
 47926 | Snake:4  | Killed Jorgrun
 47926 | Snake:4  | Received a gift from Okawaru
 47926 | Snake:4  | Reached skill level 17 in Long Blades
 47926 | Snake:4  | Reached skill level 4 in Evocations
 48269 | Snake:4  | Received a gift from Okawaru
 48353 | Snake:4  | Reached skill level 5 in Evocations
 48575 | Snake:4  | Killed Nikola
 48666 | Snake:4  | Received a gift from Okawaru
 48752 | Snake:4  | Reached skill level 6 in Evocations
 48900 | Snake:4  | Gained mutation: Your flesh is heat resistant. [demonic ancestry]
 48900 | Snake:4  | Reached XP level 19. HP: 148/155 MP: 25/25
 49113 | Snake:4  | Received a gift from Okawaru
 49113 | Snake:4  | Reached skill level 18 in Long Blades
 49402 | Snake:4  | Received a gift from Okawaru
 49411 | Snake:4  | Got a crude hat {god gift}
 49440 | Snake:4  | Identified the +0 hat "Vimuh" {rCorr Dex+3} (Okawaru gifted it to you on level 4 of the Snake Pit)
 49544 | Snake:4  | Reached skill level 7 in Evocations
 50429 | Vaults:1 | Entered Level 1 of the Vaults
 50772 | Vaults:1 | Got a scintillating pewter amulet
 50773 | Vaults:1 | Identified the amulet "Ulaewn" {RegenMP rF+ Str+4} (You found it on level 1 of the Vaults)
 50960 | Vaults:1 | Reached skill level 8 in Evocations
 51108 | Vaults:1 | Found Luno's Distillery.
 51118 | Vaults:1 | Bought a potion of might for 56 gold pieces
 51118 | Vaults:1 | Bought a potion of ambrosia for 112 gold pieces
 51422 | Vaults:1 | Received a gift from Okawaru
 51422 | Vaults:1 | Reached skill level 13 in Dodging
 51446 | Vaults:1 | Got a steaming triple sword {god gift}
 51449 | Vaults:1 | Identified the +6 triple sword of Massacring {slice, *Drain +Fly MR+ Str+5} (Okawaru gifted it to you on level 1 of the Vaults)
 51492 | Vaults:1 | Reached skill level 9 in Evocations
 52439 | Vaults:2 | Received a gift from Okawaru
 52468 | Vaults:2 | Found a staircase to the Crypt.
 52709 | Vaults:2 | Reached skill level 10 in Evocations
 52959 | Vaults:2 | Received a gift from Okawaru
 52960 | Vaults:2 | Gained mutation: You are immune to clouds of flame. [demonic ancestry]
 52960 | Vaults:2 | Reached XP level 20. HP: 127/162 MP: 27/27
 53381 | Vaults:2 | Received a gift from Okawaru
 53833 | Vaults:2 | Received a gift from Okawaru
 54317 | Vaults:3 | Reached skill level 14 in Dodging
 54478 | Vaults:3 | --huh, had some hats but 1st helmet of the game!
 54922 | Vaults:3 | Received a gift from Okawaru
 55183 | Vaults:3 | Noticed Frederick
 55219 | Vaults:3 | Killed Frederick
 55548 | Vaults:3 | Noticed Norris
 55573 | Vaults:3 | Killed Norris
 55677 | Vaults:3 | Reached skill level 19 in Long Blades
 55680 | Vaults:3 | Received a gift from Okawaru
 55732 | Vaults:3 | Found Qiareud's Assorted Antiques.
 56413 | Vaults:4 | Found Boemahad's Antique Weapon Shoppe.
 56566 | Vaults:4 | Found Ziydep's Distillery.
 56622 | Vaults:4 | Reached skill level 15 in Dodging
 56741 | Vaults:4 | Reached skill level 3 in Translocations
 56757 | Vaults:4 | Found Jeimopt's Distillery.
 56771 | Vaults:4 | Bought a potion of heal wounds for 100 gold pieces
 56771 | Vaults:4 | Bought a potion of heal wounds for 100 gold pieces
 56771 | Vaults:4 | Bought a potion of might for 80 gold pieces
 56771 | Vaults:4 | Bought a potion of resistance for 200 gold pieces
 56956 | Vaults:4 | Found Deep's General Store.
 57112 | Vaults:4 | Reached skill level 4 in Translocations
 57287 | Vaults:4 | Reached skill level 5 in Translocations
 57292 | Vaults:4 | Received a gift from Okawaru
 57674 | Vaults:4 | Received a gift from Okawaru
 58001 | Lair:1   | Learned a level 3 spell: Portal Projectile
 58093 | Elf:1    | Entered Level 1 of the Elven Halls
 58224 | Orc:2    | Gained mutation: You can hurl damnation. [demonic ancestry]
 58224 | Orc:2    | Reached XP level 21. HP: 101/168 MP: 23/28
 58358 | Elf:1    | Reached skill level 6 in Translocations
 58590 | Elf:1    | Received a gift from Okawaru
 58661 | Elf:1    | Noticed Donald
 58667 | Elf:1    | Killed Donald
 59240 | Elf:1    | Received a gift from Okawaru
 59250 | Elf:1    | Reached skill level 7 in Translocations
 59254 | Elf:1    | Got a translucent chain mail {god gift}
 59272 | Elf:1    | Identified the +1 chain mail "Zoumpyw" {+Blink Str-5 Dex+4 Slay+4} (Okawaru gifted it to you on level 1 of the Elven Halls)
 59327 | Elf:1    | Found Huufroso's Food Boutique.
 59420 | Elf:2    | Found Xonoff's Antique Weapon Emporium.
 59433 | Elf:2    | Reached skill level 20 in Long Blades
 59452 | Elf:2    | Bought a crude great sword for 356 gold pieces
 59453 | Elf:2    | Identified the +4 great sword "Udaawimn" {pain, *Corrode rPois rF+} (You bought it in a shop on level 2 of the Elven Halls)
 59596 | Elf:2    | Found a runed gate.
 59596 | Elf:2    | Found a runed gate.
 59596 | Elf:2    | Found a runed gate.
 60193 | Lair:1   | Learned a level 4 spell: Passage of Golubria
 60303 | Elf:2    | Reached skill level 8 in Translocations
 61353 | Elf:3    | Entered Level 3 of the Elven Halls
 61362 | Elf:3    | Reached skill level 9 in Translocations
 61422 | Elf:3    | Learned a level 6 spell: Haste
 62673 | Elf:3    | Reached skill level 10 in Translocations
 62726 | Elf:3    | Received a gift from Okawaru
 63024 | Elf:3    | Got a smoking brass ring
 63070 | Elf:3    | Gained mutation: You regenerate health from kills. [demonic ancestry]
 63070 | Elf:3    | Reached XP level 22. HP: 167/175 MP: 29/29
 63097 | Elf:3    | Identified the ring "Qemnikhile" {rF++ Str+8 Int-4 Stlth+} (You took it off a deep elf sorcerer on level 3 of the Elven Halls)
 63659 | Elf:3    | HP: 46/175 [deep elf mage/bolt of negative energy (27)]
 63664 | Elf:3    | HP: 25/175 [deep elf mage/bolt of negative energy (16)]
 63670 | Elf:3    | HP: 44/175 [demonic crawler[a deep elf mage] (5)]
 64125 | Elf:3    | Reached skill level 21 in Long Blades
 64196 | Elf:3    | Identified the Reference Book on Flames and Orientation
 64509 | Elf:3    | Identified the Collected Works on Dark Rites
 64521 | Elf:3    | Reached skill level 1 in Charms
 64639 | Elf:3    | Received a gift from Okawaru
 64639 | Elf:3    | Reached skill level 11 in Translocations
 65054 | Depths:1 | Entered Level 1 of the Depths
 65144 | Depths:1 | Reached skill level 2 in Charms
 65238 | Depths:1 | Found a portal to a secret trove of treasure.
 65325 | Depths:1 | Reached skill level 3 in Spellcasting
 65604 | Depths:1 | Found a one-way gate to the infinite horrors of the Abyss.
 65672 | Depths:1 | Found a gateway to Hell.
 65900 | Depths:1 | Reached skill level 3 in Charms
 66060 | Depths:1 | Reached skill level 4 in Spellcasting
 66963 | Depths:1 | HP: 57/190 [deep troll shaman (7)]
 66970 | Depths:1 | HP: 56/190 [deep troll shaman (10)]
 67177 | Depths:1 | Reached skill level 4 in Charms
 67530 | Depths:2 | Reached skill level 11 in Evocations
 67620 | Depths:2 | Reached skill level 5 in Spellcasting
 67934 | Depths:2 | Found a gateway to a ziggurat.
 68024 | Depths:2 | Received a gift from Okawaru
 68028 | Depths:2 | Reached skill level 12 in Translocations
 68136 | Depths:2 | Reached skill level 5 in Charms
 68396 | Depths:2 | Found a one-way gate leading to the halls of Pandemonium.
 68634 | Depths:2 | Found a roughly hewn altar of Beogh.
 69173 | Depths:3 | Reached skill level 6 in Spellcasting
 69249 | Depths:2 | Gained mutation: You regenerate a lot of health from kills. [demonic ancestry]
 69249 | Depths:2 | Reached XP level 23. HP: 69/181 MP: 32/32
 69364 | Depths:3 | Found a gateway to a bazaar.
 69415 | Bazaar   | Entered a bazaar
 69423 | Bazaar   | Found Vearreps's Jewellery Shoppe.
 69425 | Bazaar   | Found Roywn's Book Boutique.
 69459 | Bazaar   | Found Coxkolah's Jewellery Shop.
 69468 | Bazaar   | Found Reyky's Assorted Antiques.
 69487 | Bazaar   | Bought the ring of Zieweusi {Str+4 Int+5 Dex+4} for 715 gold pieces
 69642 | Depths:3 | Reached skill level 6 in Charms
 69701 | Depths:3 | Received a gift from Okawaru
 70102 | Depths:3 | Found a glowing golden altar of the Shining One.
 70163 | Depths:3 | Reached skill level 12 in Evocations
 70405 | Depths:3 | Received a gift from Okawaru
 70957 | Depths:4 | Reached skill level 7 in Spellcasting
 71083 | Depths:4 | Received a gift from Okawaru
 71086 | Depths:4 | Got an ancient hat {god gift}
 71121 | Depths:4 | Identified the +2 hat of Gawuech {+Inv rPois Str+3} (Okawaru gifted it to you on level 4 of the Depths)
 71227 | Depths:4 | Reached skill level 7 in Charms
 71411 | Depths:4 | Found a sparkling altar of Nemelex Xobeh.
 71586 | Depths:3 | HP: 50/196 [ettin/dire flail (33)]
 71595 | Depths:3 | HP: 53/196 [deep troll (11)]
 71672 | Depths:3 | Reached skill level 8 in Spellcasting
 71713 | Depths:3 | Reached skill level 13 in Translocations
 71878 | Depths:4 | Reached skill level 8 in Charms
 71925 | Depths:4 | Learned a level 2 spell: Repel Missiles
 72484 | Depths:3 | Reached skill level 1 in Air Magic
 72829 | Depths:4 | Reached skill level 2 in Air Magic
 72910 | Depths:4 | HP: 53/196 [frost giant/bolt of cold (19)]
 72916 | Depths:4 | Reached skill level 9 in Charms
 72918 | Depths:4 | HP: 55/196 [sphinx/divine providence (13)]
 73207 | Depths:4 | Received a gift from Okawaru
 73216 | Depths:4 | Reached skill level 9 in Spellcasting
 73216 | Depths:4 | Reached skill level 3 in Air Magic
 73709 | Depths:3 | Received a gift from Okawaru
 73942 | Depths:4 | Reached skill level 10 in Charms
 73967 | Depths:4 | Noticed a juggernaut
 74015 | Depths:4 | HP: 43/196 [juggernaut (29)]
 74242 | Depths:3 | Killed a juggernaut
 74242 | Depths:3 | Reached skill level 4 in Air Magic
 74242 | Depths:3 | Reached XP level 24. HP: 160/188 MP: 36/36
 74314 | Depths:3 | Received a gift from Okawaru
 74514 | Depths:4 | HP: 60/203 [titan/bolt of lightning (42)]
 75115 | D:8      | Bought a book of Party Tricks for 550 gold pieces
 75115 | D:8      | Bought a book of Battle for 440 gold pieces
 75121 | D:8      | Learned a level 3 spell: Spectral Weapon
 75125 | D:8      | Learned a level 3 spell: Regeneration
 75127 | D:8      | Learned a level 1 spell: Summon Butterflies
 75639 | Depths:4 | Reached skill level 10 in Spellcasting
 75639 | Depths:4 | Reached skill level 11 in Charms
 75751 | Depths:4 | Reached skill level 1 in Hexes
 76156 | Depths:5 | Entered Level 5 of the Depths
 76171 | Depths:5 | Reached skill level 2 in Hexes
 76180 | Depths:5 | Paralysed by a giant eyeball for 3 turns
 76251 | Depths:5 | Found a corrupted altar of Lugonu.
 76302 | Depths:5 | Reached skill level 3 in Hexes
 76492 | Depths:5 | Reached skill level 4 in Hexes
 76496 | Depths:5 | Upgraded the game from 0.18.1-2-ga659475 to 0.18.1-5-g4a78601
 76572 | Depths:5 | Received a gift from Okawaru
 76630 | Depths:5 | Noticed Saint Roka
 76655 | Depths:5 | Killed Saint Roka
 76718 | Depths:5 | Reached skill level 5 in Hexes
 77067 | Depths:5 | Reached skill level 6 in Hexes
 77080 | Depths:5 | HP: 54/203 [mottled draconian annihilator/bolt of lightning (41)]
 77200 | Depths:5 | Found a gate to the Realm of Zot.
 78219 | Vaults:5 | Entered Level 5 of the Vaults
 78244 | Vaults:4 | Received a gift from Okawaru
 78248 | Vaults:4 | Reached skill level 7 in Hexes
 78850 | Vaults:5 | Got a wavering platinum ring
 78856 | Vaults:5 | Identified a +2 rod of shadows (6/9) {!a} (You took it off a tengu reaver on level 5 of the Vaults)
 78859 | Vaults:5 | Identified the ring of Lairol {*Contam Int+5 Slay+3 Stlth-} (You took it off a tengu reaver on level 5 of the Vaults)
 78892 | Vaults:5 | Reached skill level 12 in Charms
 78931 | Vaults:5 | Reached skill level 22 in Long Blades
 78963 | Vaults:5 | Reached XP level 25. HP: 194/194 MP: 37/37
 79005 | Vaults:5 | Identified Ynosa's Grimoire of the Volcanoes and Dislocation
 79347 | Vaults:5 | Received a gift from Okawaru
 79574 | Vaults:5 | Received a gift from Okawaru
 79575 | Vaults:5 | Got a pair of crude gloves {god gift}
 79595 | Vaults:5 | Identified the +1 pair of gloves of Heizxolily {rC+ Str+7 Slay-4} (Okawaru gifted it to you on level 5 of the Vaults)
 79874 | Vaults:5 | Reached skill level 13 in Charms
 80491 | Vaults:5 | Got a silver rune of Zot
 81073 | Orc:2    | Bought a phantom mirror for 480 gold pieces
 81432 | Slime:1  | Entered Level 1 of the Pits of Slime
 81478 | Lair:8   | HP: 61/209 [acid blob (25)]
 81483 | Lair:8   | HP: 9/209 [acid blob (24)]
 81489 | Lair:8   | Reached skill level 14 in Charms
 81489 | Lair:8   | HP: 54/209 [slime creature (8)]
 81706 | Lair:8   | HP: 53/209 [slime creature (15)]
 81824 | Lair:8   | HP: 61/209 [titanic slime creature (84)]
 82495 | Zot:1    | Entered Level 1 of the Realm of Zot
 82699 | Zot:1    | Received a gift from Okawaru
 82751 | Zot:1    | HP: 55/209 [??? (53)]
 83051 | Zot:1    | Reached skill level 23 in Long Blades
 83166 | Zot:1    | Received a gift from Okawaru
 83323 | Zot:1    | Noticed an orb of fire
 83709 | Zot:2    | Reached skill level 15 in Charms
 83709 | Zot:2    | Reached XP level 26. HP: 188/201 MP: 37/37
 83774 | Zot:2    | Noticed an orb of fire
 83792 | Zot:2    | Killed an orb of fire
 83807 | Zot:2    | Received a gift from Okawaru
 84067 | Zot:2    | Received a gift from Okawaru
 84462 | Zot:3    | Identified a +0 rod of ignition (10/10) (You found it on level 3 of the Realm of Zot)
 84617 | Zot:3    | Received a gift from Okawaru
 84695 | Zot:3    | Received a gift from Okawaru
 84711 | Zot:3    | Reached skill level 16 in Charms
 84801 | Zot:3    | Noticed an orb of fire
 84809 | Zot:3    | Gained mutation: Armour fits poorly on your strangely shaped body. [an orb of fire]
 84815 | Zot:3    | Killed an orb of fire
 85125 | D:12     | Bought a potion of cure mutation for 275 gold pieces
 85234 | Lair:1   | Lost mutation: Armour fits poorly on your strangely shaped body. [potion of cure mutation]
 85234 | Lair:1   | Lost mutation: You are resistant to hostile enchantments. [potion of cure mutation]
 85687 | Zot:3    | Reached skill level 24 in Long Blades
 85946 | Zot:3    | Paralysed by a Zot trap for 4 turns
 86544 | Zot:4    | Reached skill level 17 in Charms
 86976 | Zot:4    | Received a gift from Okawaru
 87150 | Zot:4    | Reached skill level 16 in Armour
 87211 | Zot:4    | Reached XP level 27. HP: 207/207 MP: 37/37
 88405 | Slime:4  | Reached skill level 1 in Stealth
 88428 | Slime:4  | Reached skill level 2 in Stealth
 88452 | Slime:4  | Reached skill level 3 in Stealth
 88489 | Slime:5  | Noticed Dissolution
 88496 | Slime:5  | Paralysed by a giant eyeball for 3 turns
 88507 | Slime:5  | Paralysed by a giant eyeball for 4 turns
 88510 | Slime:5  | Killed Dissolution
 88510 | Slime:5  | Received a gift from Okawaru
 88510 | Slime:5  | Reached skill level 17 in Armour
 88510 | Slime:5  | Reached skill level 5 in Stealth
 88537 | Slime:6  | Entered Level 6 of the Pits of Slime
 88684 | Slime:5  | Reached skill level 6 in Stealth
 88697 | Slime:6  | Received a gift from Okawaru
 88715 | Slime:6  | Noticed the Royal Jelly
 88768 | Slime:6  | Reached skill level 7 in Stealth
 88880 | Slime:6  | Found a viscous altar of Jiyva.
 89111 | Slime:6  | Gained mutation: Your body sometimes deteriorates upon taking damage. [a shining eye]
 89196 | Slime:6  | Killed the Royal Jelly
 89196 | Slime:6  | Reached skill level 8 in Stealth
 89300 | Slime:6  | Identified the Disquisition on Shifting Flames
 89335 | Slime:6  | Got a slimy rune of Zot
 90019 | Depths:1 | Voluntarily entered the Abyss.
 90019 | Abyss:1  | Found a corrupted altar of Lugonu.
 90133 | Abyss:1  | Reached skill level 9 in Stealth
 90244 | Abyss:1  | Paralysed by accursed screaming for 1 turns
 90292 | Abyss:1  | Reached skill level 18 in Armour
 90578 | Abyss:1  | Paralysed by accursed screaming for 1 turns
 90629 | Abyss:1  | Reached skill level 10 in Stealth
 90801 | Abyss:2  | Found a corrupted altar of Lugonu.
 90897 | Abyss:3  | Got a scorched scale mail
 90898 | Abyss:3  | Identified the +4 scale mail of Cinweuth {Int+3} (You found it on level 3 of the Abyss)
 90983 | Abyss:3  | Received a gift from Okawaru
 91369 | Abyss:3  | Reached skill level 11 in Stealth
 91443 | Abyss:3  | Got an abyssal rune of Zot
 91651 | Depths:1 | Escaped the Abyss
 91971 | Zot:5    | Entered Level 5 of the Realm of Zot
 91991 | Zot:5    | Reached skill level 19 in Armour
 92044 | Zot:5    | Reached skill level 12 in Stealth
 92498 | Zot:5    | Reached skill level 13 in Stealth
 92606 | Zot:5    | Noticed an orb of fire
 92615 | Zot:5    | Noticed an orb of fire
 92628 | Zot:5    | HP: 43/222 [orb of fire/bolt of fire (29)]
 92637 | Zot:5    | HP: 58/222 [ghost moth (1)]
 92643 | Zot:5    | HP: 49/222 [orb of fire/fireball (13)]
 92653 | Zot:5    | Lost mutation: Your body sometimes deteriorates upon taking damage. [potion of cure mutation]
 92660 | Zot:5    | Noticed an ancient lich
 92672 | Zot:5    | Noticed an ancient lich
 92685 | Zot:5    | Killed an ancient lich
 92796 | Zot:5    | Killed an orb of fire
 92808 | Zot:5    | Killed an ancient lich
 92808 | Zot:5    | Reached skill level 20 in Armour
 92886 | Zot:5    | Received a gift from Okawaru
 92969 | Zot:5    | Killed an orb of fire
 93019 | Zot:5    | Noticed an orb of fire
 93024 | Zot:5    | Received a gift from Okawaru
 93026 | Zot:5    | Gained mutation: Potions and wands are less effective at restoring your health. [an orb of fire]
 93034 | Zot:5    | Killed an orb of fire
 93203 | Zot:5    | Noticed an ancient lich
 93213 | Zot:5    | Killed an ancient lich
 93279 | Zot:5    | Noticed an ancient lich
 93287 | Zot:5    | Killed an ancient lich
 93287 | Zot:5    | Reached skill level 16 in Dodging
 93292 | Zot:5    | Reached skill level 21 in Armour
 93331 | Zot:5    | Got the Orb of Zot
 93515 | Zot:3    | Noticed Wuynic the pandemonium lord
 93926 | D:13     | Noticed Ixashebu the pandemonium lord
 93927 | D:13     | Noticed Ryfen the pandemonium lord
 93944 | D:13     | Noticed a seraph
 93944 | D:13     | HP: 60/222 [daeva/divine providence[a seraph] (10)]
 93956 | D:13     | HP: 65/222 [cherub/arrow[a seraph] (12)]
 93967 | D:12     | Lost mutation: Potions and wands are less effective at restoring your health. [potion of cure mutation]
 94030 | D:11     | HP: 57/222 [??? (54)]
 94383 | D:$      | Escaped with the Orb!

Skill      XL: |  1  2  3  4  5  6  7  8  9 10 11 12 13 14 15 16 17 18 19 20 21 22 23 24 25 26 27 |
---------------+----------------------------------------------------------------------------------+-----
Long Blades    | 2 3 4 5 12 13 14 15 17 18 19 20 21 22 23 24 | 24.0
Fighting       | 3 4 5 6 7 9 11 13 15 | 15.0
Invocations    | 1 2 6 8 |  8.0
Armour         | 2 4 5 7 9 11 13 15 16 21 | 21.6
Throwing       | 5 9 10 | 10.0
Dodging        | 5 9 11 12 13 15 16 | 16.6
Evocations     | 6 10 11 12 | 12.0
Translocations | 5 10 12 13 | 13.0
Charms         | 5 10 12 15 17 | 17.6
Spellcasting   | 6 9 10 | 10.0
Air Magic      | 4 |  4.0
Hexes          | 7 |  7.0
Stealth        | 13 | 13.1

Action                   |  1- 3 |  4- 6 |  7- 9 | 10-12 | 13-15 | 16-18 | 19-21 | 22-24 | 25-27 || total
-------------------------+-------+-------+-------+-------+-------+-------+-------+-------+-------++-------
Melee: Falchion          |   157 |   245 |    11 |       |       |       |       |       |       ||   413
       Kick              |    36 |    47 |    63 |    38 |       |   752 |   914 |  1139 |   961 ||  3950
       Scimitar          |       |       |   281 |   340 |    32 |    69 |       |       |       ||   722
       Unarmed           |       |       |    18 |       |       |       |       |       |       ||    18
       Punch             |       |       |     1 |     1 |       |       |       |       |       ||     2
       Morningstar       |       |       |       |   102 |    14 |       |       |       |       ||   116
       Demon blade       |       |       |       |   653 |  2193 |   806 |       |       |       ||  3652
       Great sword       |       |       |       |       |       |  1343 |  2583 |  2134 |       ||  6060
       Triple sword      |       |       |       |       |       |       |       |   608 |  2345 ||  2953
 Fire: Hunting sling     |       |    55 |    99 |   125 |    27 |       |       |       |       ||   306
       Greatsling        |       |       |       |       |     9 |       |       |       |       ||     9
Throw: Tomahawk          |       |     1 |     5 |    10 |     4 |     5 |     2 |       |       ||    27
       Throwing net      |       |     1 |       |       |       |       |       |       |       ||     1
       Stone             |       |       |     1 |       |       |       |       |       |       ||     1
       Javelin           |       |       |       |       |       |       |    12 |     7 |    10 ||    29
 Cast: Apportation       |       |       |     1 |       |       |       |     4 |       |     8 ||    13
       Blink             |       |       |       |       |       |       |       |     5 |     7 ||    12
       Repel Missiles    |       |       |       |       |       |       |       |     3 |    12 ||    15
       Spectral Weapon   |       |       |       |       |       |       |       |    39 |   196 ||   235
       Regeneration      |       |       |       |       |       |       |       |       |    81 ||    81
       Summon Butterflie |       |       |       |       |       |       |       |       |     1 ||     1
       Haste             |       |       |       |       |       |       |       |       |     7 ||     7
Invok: Heroism           |       |       |    10 |    24 |     8 |    20 |    14 |    20 |    18 ||   114
       Finesse           |       |       |       |       |     2 |     5 |     1 |     4 |     1 ||    13
 Abil: Evoke Flight      |       |       |       |       |       |       |     3 |     2 |       ||     5
       Damnation         |       |       |       |       |       |       |       |     6 |    12 ||    18
Evoke: Wand              |       |       |     6 |     4 |     1 |     2 |     1 |     4 |    15 ||    33
       Sack of spiders   |       |       |       |       |       |       |       |     1 |       ||     1
       Phantom mirror    |       |       |       |       |       |       |       |       |     1 ||     1
  Use: Scroll            |     5 |     8 |    11 |    14 |     9 |    12 |     6 |    14 |    33 ||   112
       Potion            |       |     2 |     2 |     3 |     1 |     5 |       |     3 |     7 ||    23
 Stab: Distracted        |       |       |       |       |       |     2 |     1 |     8 |    50 ||    61
       Confused          |       |       |       |       |       |     1 |       |       |       ||     1
       Sleeping          |       |       |       |       |       |       |       |       |    11 ||    11
  Eat: Chunk             |     4 |     8 |    14 |    26 |    51 |    18 |    47 |    49 |    31 ||   248
       Bread ration      |       |     2 |       |       |       |     1 |       |       |     1 ||     4
       Pizza             |       |       |     1 |     1 |     1 |     2 |       |     3 |     2 ||    10
       Meat ration       |       |       |       |     1 |       |     4 |       |     1 |     6 ||    12
       Royal jelly       |       |       |       |     1 |     2 |       |     1 |       |       ||     4
       Fruit             |       |       |       |       |     1 |       |       |       |       ||     1
       Beef jerky        |       |       |       |       |       |     1 |       |       |       ||     1
Armor: Leather armour    |    41 |       |       |       |       |       |       |       |       ||    41
       Ring mail         |    40 |    96 |    54 |       |       |       |       |       |       ||   190
       Scale mail        |       |       |    35 |       |       |       |       |       |       ||    35
       Chain mail        |       |       |     3 |   628 |  1378 |  1529 |  1308 |  1654 |   625 ||  7125
       Shadow dragon arm |       |       |       |       |       |       |       |       |   966 ||   966
Dodge: Dodged            |   130 |   147 |   154 |   372 |   663 |  1135 |  1426 |  1807 |  1601 ||  7435
       Deflected         |       |       |       |       |       |       |       |    15 |    63 ||    78
Block: Buckler           |       |       |       |       |   282 |   205 |       |       |       ||   487

Table legend:
 A = Turns spent in this place as a percentage of turns spent in the entire game.
 B = Non-inter-level travel turns spent in this place as a percentage of non-inter-level travel turns spent in the entire game.
 C = Inter-level travel turns spent in this place as a percentage of turns spent in this place.
 D = Turns resting spent in this place as a percentage of non-inter-level travel turns spent in this place.
 E = Turns spent auto-exploring this place as a percentage of non-inter-level travel turns spent in this place.
 F = Non-inter-level travel turns spent in this place divided by the number of levels of this place that you've seen.
                   A       B       C       D       E      F
               +-------+-------+-------+-------+-------+----------------------
         Total | 100.0 | 100.0 |   0.6 |   2.3 |   2.4 | 735.4
       Dungeon |  18.0 |  17.9 |   1.3 |   2.0 |   4.2 | 553.5
        Temple |   0.0 |   0.0 |  10.0 |   0.0 |  88.9 |   9.0
          Lair |  12.6 |  12.5 |   1.1 |   1.5 |   2.4 | 723.5
         Swamp |   6.2 |   6.2 |   0.6 |   2.8 |   2.4 | 716.2
     Snake Pit |   8.7 |   8.7 |   0.2 |   5.6 |   2.3 | 1007.8
    Slime Pits |   2.6 |   2.6 |   0.1 |   1.7 |   0.1 | 198.8
  Orcish Mines |   2.9 |   2.9 |   0.4 |   2.5 |   1.3 | 671.0
   Elven Halls |   7.0 |   7.1 |   0.3 |   3.0 |   1.8 | 1091.3
        Vaults |  12.6 |  12.6 |   0.3 |   1.2 |   2.2 | 1171.4
        Depths |  14.8 |  14.9 |   0.4 |   2.8 |   2.0 | 1377.6
           Zot |   9.6 |   9.6 |   0.4 |   1.5 |   2.2 | 890.2
         Abyss |   3.9 |   3.9 |   0.0 |   0.2 |   0.0 | 600.7
        Bazaar |   0.2 |   0.2 |   0.0 |   0.0 |   0.0 |  90.0
      Ice Cave |   0.9 |   0.9 |   0.0 |   2.3 |   0.2 | 435.0
               +-------+-------+-------+-------+-------+----------------------

Vault maps used:
D:1:      saegor_arrival_miasma, serial_co_window_serial, co_window_paths_a,
          co_window_of_opportunity_a, co_window_paths_a,
          co_window_of_opportunity_a, co_window_paths_b, co_window_broadway_c,
          co_window_2corner, co_window_of_opportunity_b,
          co_window_unsneaky_path_c, co_window_of_opportunity_b,
          co_window_broadway_a, co_window_cross_4,
          hangedman_abyss_or_decor_stabs
D:2:      kennysheep_ying_yang, grunt_pakellas_mercury
D:3:      uniq_sigmund
D:5:      lemuel_coloured_pillars_altar, marbit_many_paths, first_bread,
          basic_altar, uniq_menkaure
D:6:      lemuel_doored_altar, slow_altar_1, uniq_duvessa,
          uniq_crazy_yiuf_cottage
D:7:      old_standard_altar, minmay_temple_entry_statues_fountains
D:8:      serial_shops, nicolae_shop_window_shopping, xom_shifter_show,
          uniq_joseph
D:9:      nicolae_overflow_hidden_temple, david_lair_shrubbed,
          hiddenorc2_lemuel, serial_column_ruins, column_ruins_square_small,
          column_ruins_courtyard_long, column_ruins_corridor_straight,
          column_ruins_columns_dead_end, column_ruins_open_tiny,
          column_ruins_columns_corner, column_ruins_grid_1,
          column_ruins_columns_straight, column_ruins_open_large, david_nohive_1
D:10:     serial_column_ruins, column_ruins_circle_medium,
          column_ruins_open_small, column_ruins_open_tiny,
          column_ruins_open_small, column_ruins_columns_straight,
          column_ruins_open_small, basic_altar, tso_metal_star
D:12:     serial_shops, shop, minmay_liquid_box
D:13:     minmay_statue_hallways, david_vaults_2
D:14:     serial_curves, eino_curves_01, eino_curves_02,
          minmay_hollow_rounded_squares, uniq_agnes, uniq_rupert
D:15:     grunt_enter_depths_hoard, minmay_misc_feat_cross
Temple:   triangle_lava_temple_11
Lair:1:   beast_lair_carwin_large_3
Lair:2:   lemuel_fruit_fields
Lair:3:   minmay_swamp_entry_worms
Lair:4:   portal_ice_cave_entry_pillars_01, enter_volcano_4, grunt_megastairs_4
Lair:5:   grunt_megastairs_3, serial_bayou_shore_b
Lair:6:   gammafunk_lair_enchanted_lake, guppyfry_snake_entry_island
Lair:8:   hangedman_lair_caniforms_friends, hangedman_lair_tendril_chambers,
          slime_altar_1, infiniplex_staircase_pool_2
Swamp:1:  basic_altar, swamp_pool2, nicolae_swamp_snake_nest, uniq_roxanne
Swamp:2:  evilmike_swamp_ruin_rubble_1, swamp_pool5
Swamp:3:  evilmike_swamp_ruin_rubble_2, uniq_mara
Swamp:4:  swamp_alternative, swamp_pool1, nicolae_swamp_triple_paths
Snake:1:  basic_altar
Snake:3:  cheibrodos_snake_lava_hold
Snake:4:  johnstein_snake_rune_scales, uniq_vashnia, uniq_nikola, uniq_jorgrun
Slime:5:  uniq_dissolution
Orc:2:    st_orc_rangers, basic_altar
Elf:1:    minmay_elf_arrival_circle, serial_shops, shop,
          hangedman_elf_disciples, uniq_donald
Elf:2:    serial_shops, nicolae_shop_stone
Elf:3:    minmay_elf_hall_hex
Vaults:1: v_alt_pattern_2, hangedman_vaults_impose, ontoclasm_vaults_shuriken,
          nicolae_vaults_twisting_passages, vaults_dpeg_spiral,
          ontoclasm_vaults_ring_small, ontoclasm_vaults_ring_small, v_misc_32,
          vaults_dpeg_diagonal, vaults_room_stairs_pillars, serial_shops,
          nicolae_shop_stone
Vaults:2: blue_anna_dwarven_crypt, vaults_standard_mumra_x, st_cross,
          v_pattern_4, grunt_vaults_trifunnel, vaults_room_door_ring,
          ontoclasm_vaults_claustrophobia, v_misc_1, v_alt_pattern_2
Vaults:3: vaults_room_ringed_pool, v_misc_18, nicolae_vaults_rhombus_5,
          v_alt_pattern_6, nicolae_vaults_little_squares_5,
          hangedman_vaults_nodes, sword_in_stone, vaults_dpeg_doors,
          nicolae_vaults_triangles, hangedman_vaults_stretched_pinwheel,
          vaults_room_door_hall, ontoclasm_vaults_spin,
          nicolae_vaults_shelves_hall, v_misc_15, serial_shops,
          nicolae_shop_stone, uniq_norris
Vaults:4: vaults_room_grid, v_misc_14, nicolae_vaults_asterisk,
          vaults_room_octagon, vaults_room_large_hall,
          nicolae_vaults_mini_display_case, vaults_dpeg_encased_lava,
          ontoclasm_vaults_decontamination, nicolae_vaults_circle_grid_a,
          nicolae_vaults_diagonal_hallway_8, vaults_room_grunt_arrival_ludios,
          v_misc_27, vaults_mumra_minichess, serial_shops, shop, shop_statue,
          shop, shop_fountains
Depths:1: grunt_mini_vestibule, abyss_entry, enter_trove_3,
          hangedman_decor_slide_cut, kennysheep_generic_room_2
Depths:2: orc_temple, enter_ziggurat_d, hell_entry, grunt_pan_entry_sceptre,
          hangedman_abyss_entry_splay, serial_bayou_pond_c, minmay_orc_keep,
          infiniplex_staircase_split_hallway
Depths:3: abrahamwl_protected_by_tso_3, grunt_hell_entry_dis_old, serial_shops,
          statue_bzr, rand_demon_pan_entry_4, hangedman_abyss_or_decor_stagger,
          minmay_staircase_bubble
Depths:4: gammafunk_depths_water_palace, abyss_entry_crystal,
          rand_demon_pan_entry_8, hell_entry, nemelex_xobeh_ov_fountains_minmay,
          laboratory
Depths:5: evilmike_zot_entry_hall, grunt_pan_entry_in_and_out,
          hangedman_coc_ice_floe, serial_sigils,
          serial_sigils_hangedman_scratch, serial_sigils_hangedman_stare,
          serial_sigils_hangedman_shear, serial_sigils_hangedman_shear,
          serial_sigils_hangedman_quiver, abyss_entry_flame_altar,
          uniq_saint_roka, uniq_frederick
Zot:2:    st_stairs_14, grunt_megastairs_1
Zot:3:    lemuel_halls_of_wrath, nicolae_lava_and_water
Zot:4:    grunt_zot_stairs_faceoff, lemuel_baited_zot_trap
Abyss:2:  evilmike_abyss_exit_kraken
Abyss:3:  hangedman_relentless_pull
Bazaar:   bazaar_kb_twisted_cavern
IceCv:    ice_cave_tombish
